 Dungeon Crawl Stone Soup version 0.27.0-1-g7a08968 (webtiles) character file.

Game seed: 4826642119043045715

310 bonscott the Vandal (level 6, -2/44 HPs)
             Began as a Vampire Hunter on Aug 15, 2021.
             Slain by an iguana (7 damage)
             ... on level 3 of the Dungeon.
             The game lasted 00:22:32 (2958 turns).

bonscott the Vandal (Vampire Hunter)                Turns: 2958, Time: 00:22:34

Health: -2/44      AC:  6    Str: 13    XL:     6   Next: 17%
Magic:  0/6        EV: 11    Int: 14    God:
Gold:   156        SH:  0    Dex: 14    Spells: 5/5 levels left

rFire    + . .     SeeInvis +   b - +1 double sword
rCold    . . .     Faith    .   (no shield)
rNeg     . . .     Spirit   +   j - +0 ring mail
rPois    .         Reflect  .   (no helmet)
rElec    .         Harm     .   m - +0 cloak
rCorr    .         Rampage  .   (no gloves)
Will     .....                  (no boots)
Stlth    ++........             v - amulet of guardian spirit
HPRegen  0.34/turn              k - ring of protection from fire
MPRegen  0.10/turn              (no ring)

@: healing quickly
A: alive, fangs 3, see invisible, vampiric 2
a: Exsanguinate


You were on level 3 of the Dungeon.
You visited 1 branch of the dungeon, and saw 4 of its levels.

You collected 156 gold pieces.

Inventory:

Hand Weapons
 a - a +1 hunting sling
 b - a +1 double sword (weapon)
 n - a +0 short sword
Missiles
 d - 37 sling bullets
 f - 32 arrows
 g - 96 stones (quivered)
 r - 2 poisoned darts
Armour
 c - a +0 leather armour
 j - a +0 ring mail (worn)
 m - a +0 cloak (worn)
 t - a +1 scale mail of fire resistance
Jewellery
 k - a ring of protection from fire (left hand)
 v - an amulet of guardian spirit (around neck)
Scrolls
 l - a scroll of enchant armour {unknown}
 p - a scroll of enchant weapon
 w - a scroll of fog {unknown}
 x - a scroll of holy word {unknown}
Potions
 e - a potion of invisibility
 h - 3 potions of lignification
 o - a potion of brilliance
 q - a potion of haste {unknown}
 s - a potion of flight {unknown}
 u - a potion of might {unknown}


   Skills:
 + Level 2.1 Fighting
 - Level 5.0 Slings
 - Level 3.0 Armour
 - Level 2.1 Dodging
 - Level 3.0 Stealth


You had 5 spell levels left.
You didn't know any spells.
Your spell library was empty.

Dungeon Overview and Level Annotations

Branches:
Dungeon (4/15)
 Temple: D:4-7

Altars:
Yredelemnul

Shops:
D:3 =

Annotations:
D:2 Sigmund
D:4 Blork the orc


Innate Abilities, Weirdness & Mutations

Your natural rate of healing is accelerated.
You have razor-sharp teeth.
You have supernaturally acute eyesight. (SInv)
You are afflicted with vampirism and can become a bat while bloodless.


Message History

You are more poisoned.
The killer bee poisons you!
The killer bee stings you but does no damage.
You feel sick.
The iguana looks more healthy.
You feel sick. The killer bee stings you.
You feel sick.
You kill the killer bee!
Training target 3.0 for Armour reached!
Your Armour skill increases to level 3!
You need to enable at least one skill for training.
Your Fighting skill increases to level 2!
You have reached level 6!
Your experience leads to an increase in your attributes!
Increase (S)trength, (I)ntelligence, or (D)exterity?
You feel stronger.
Throw: 4 darts (poison)
Press: ? - help, Shift-Dir - straight line, f - iguana
Aim: an iguana (moderately wounded, 64% to hit)
You throw a poisoned dart. The poisoned dart hits the iguana.
The iguana is poisoned.
The iguana is moderately wounded.
You feel sick.
You feel sick.
Unknown command.
You feel sick.
You feel sick.
You feel sick.
You are no longer poisoned.
The iguana looks more healthy.
Throw: 3 darts (poison)
Press: ? - help, Shift-Dir - straight line, f/p - iguana
Aim: an iguana (severely wounded, 64% to hit)
You throw a poisoned dart. The poisoned dart hits the iguana.
The iguana is poisoned.
The iguana is severely wounded.
The iguana bites you!
* * * LOW HITPOINT WARNING * * *
There is a stone staircase leading up here.
The iguana bites you!
You die...

#.#
#.................#.
#.#
#.##.......########.
#.#
#.##.......########.
#>#
#...................
#.#
###.###.############
#.### #(# #.# #...#
#.# #.##### ###.#
#l# #.....# #.# #@#
#####(# #.#
#.#######.# #.#
#......##.# #.#
######.##.# #.#
#.##(# #.# #.##(##
#.# #.#...#######
#.# #..>.........
####.# ###...#######


You could see an iguana (poisoned).

Vanquished Creatures
  A black bear (D:2)
  A killer bee (D:3)
  Terence (D:2)
  Natasha (thrice) (D:2)
  A hound zombie (D:3)
  An adder (D:2)
  An orc (D:3)
  6 ball pythons
  5 endoplasms
  4 giant cockroaches
  3 goblins
  4 hobgoblins
  5 quokkas
  4 bats
  5 frilled lizards
  A giant cockroach zombie (D:3)
  3 kobolds
  A quokka zombie (D:3)
  4 rats
54 creatures vanquished.

Notes
Turn   | Place    | Note
-------+----------+-------------------------------------------
     0 | D:1      | bonscott the Vampire Hunter began the quest for the Orb.
     0 | D:1      | Reached XP level 1. HP: 16/16 MP: 1/1
   142 | D:1      | Reached XP level 2. HP: 22/22 MP: 2/2
   849 | D:2      | Noticed Natasha
   853 | D:2      | Killed Natasha
   854 | D:2      | Reached skill level 4 in Slings
   854 | D:2      | Gained mutation: You are afflicted with vampirism and can
                  | become a bat while bloodless. [Vampire growth]
   854 | D:2      | Reached XP level 3. HP: 27/27 MP: 3/3
   948 | D:2      | Noticed Natasha
   962 | D:2      | Killed Natasha
   963 | D:2      | Reached XP level 4. HP: 31/33 MP: 4/4
  1057 | D:2      | Noticed Terence
  1086 | D:2      | Noticed Sigmund
  1139 | D:2      | Noticed Natasha
  1144 | D:2      | Killed Natasha
  1694 | D:3      | Found a basalt altar of Yredelemnul.
  1702 | D:3      | Reached skill level 5 in Slings
  1707 | D:3      | Reached XP level 5. HP: 37/38 MP: 5/5
  1902 | D:3      | Noticed a black bear
  2062 | D:2      | Killed Terence
  2063 | D:2      | Reached skill level 1 in Armour
  2482 | D:2      | Killed a black bear
  2706 | D:3      | Found Wocain's Jewellery Boutique.
  2806 | D:4      | Noticed Blork the orc
  2945 | D:3      | Reached XP level 6. HP: 14/44 MP: 3/6
  2958 | D:3      | Slain by an iguana

Illustrated notes

Levels and vault maps discovered:
D:1:      roderic_crossed_star, layout_loops_ring
D:2:      layout_basic, uniq_terence, uniq_natasha, uniq_sigmund
D:3:      layout_loops_ring, nicolae_yredelemnul_corpse_copse, serial_shops,
          shop_statue
D:4:      layout_cave_pools, mainiacjoe_overflow_six_doors_small,
          mainiacjoe_overflow_paths, gammafunk_ghost_nasty_kobolds, hex_large,
          st_stairs_11, patterned_corridor, uniq_blork_the_orc

Skill      XL: |  1  2  3  4  5 |
---------------+----------------+-----
Stealth        | 2 3 |  3.0
Slings         | 4 5 |  5.0
Armour         | 3 |  3.0
Fighting       | 2 |  2.1
Dodging        | |  2.1

Action                   |  1- 3 |  4- 6 || total
-------------------------+-------+-------++-------
Melee: Double sword      |       |    22 ||    22
       Bite              |       |     6 ||     6
 Fire: Hunting sling     |    91 |    54 ||   145
Throw: Dart              |       |     9 ||     9
  Use: Scroll            |       |     5 ||     5
       Potion            |       |     1 ||     1
Armor: Leather armour    |     8 |     9 ||    17
       Ring mail         |       |     6 ||     6
Dodge: Dodged            |    11 |    33 ||    44
       Rpst.: Double sword |       |     6 ||     6
